 Dungeon Crawl Stone Soup version 0.32-a0-17-gb74e046682 (webtiles) character file.

Game seed: 4984593531153609298

10831 jasper the Fighter (level 11, -12/99 HPs)
             Began as a Demigod Earth Elementalist on Jan 15, 2024.
             Mangled by a torpor snail (58 damage)
             ... on level 1 of the Lair of Beasts.
             The game lasted 00:18:09 (11961 turns).

jasper the Fighter (Demigod Earth Elementalist)    Turns: 11961, Time: 00:18:09

Health: -12/99     AC:  8    Str:  9    XL:     11   Next: 18%
Magic:  7/20       EV:  2    Int: 35    God:
Gold:   672        SH:  0    Dex: 14    Spells: 4/18 levels left

rFire   + . .        E - +2 trident (drain)
rCold   + . .        W - +0 buckler
rNeg    . . .        R - +2 robe {rC+ rF+}
rPois   .            N - +1 hat
rElec   .            (no cloak)
rCorr   +            A - +1 pair of gloves
SInv    .            f - +0 pair of boots
Will    +....        H - amulet of the acrobat
Stlth   ++++         l - +5 ring of evasion
HPRegen 0.36/turn    G - ring "Xuytaati" {rCorr Int+6}
MPRegen 0.17/turn

%: acrobat
@: sleeping, slowed
A: high MP 1, forlorn, divine attributes
a: no special abilities


You were on level 1 of the Lair of Beasts.
You visited 2 branches of the dungeon, and saw 12 of its levels.

You collected 672 gold pieces.

Inventory:

Hand Weapons
 E - a +2 trident of draining (weapon)
Missiles
 e - 96 stones
 B - 10 javelins
 I - 6 boomerangs
 X - a throwing net
Armour
 a - a +0 robe
 f - a +0 pair of boots (worn)
 g - a +0 leather armour
 n - an orb of mayhem
 A - a +1 pair of gloves (worn)
 F - an orb of energy
 M - a +0 hat
 N - a +1 hat (worn)
 R - a +2 robe of resistance (worn)
 S - a +0 kite shield
 W - a +0 buckler (worn)
Magical Staves
 C - a staff of fire
Jewellery
 l - a +5 ring of evasion (left hand)
 q - a ring of willpower
 t - a ring of flight
 v - a ring of protection from fire
 G - the ring "Xuytaati" (right hand) {rCorr Int+6}
   (You found it on level 7 of the Dungeon)

   [ring of intelligence]

   Int+6:     It affects your intelligence (+6).
   rCorr:     It protects you from acid and corrosion.
 H - an amulet of the acrobat (around neck)
Wands
 o - a wand of flame (13)
 p - a wand of charming (14)
 s - a wand of mindburst (15)
 w - a wand of light (2)
 y - a wand of iceblast (4)
 D - a wand of polymorph (12)
Scrolls
 c - a scroll of amnesia
 h - 2 scrolls of fog
 j - 6 scrolls of teleportation
 K - 7 scrolls of identify
 O - a scroll of vulnerability {unknown}
 P - a scroll of enchant weapon {unknown}
 Q - a scroll of silence
 Z - a scroll of enchant armour
Potions
 b - 2 potions of magic
 i - a potion of heal wounds
 k - 2 potions of cancellation
 m - 2 potions of haste
 r - 3 potions of might
 u - a potion of mutation
 x - 12 potions of ambrosia
 z - 2 potions of resistance
 J - a potion of attraction
 L - 2 potions of brilliance {unknown}
 T - 2 potions of curing {unknown}
 V - a potion of enlightenment {unknown}
 Y - a potion of berserk rage {unknown}
Miscellaneous
 U - a phial of floods


   Skills:
 - Level 10.0 Fighting
 + Level 1.7 Dodging
 - Level 7.8 Stealth
 - Level 5.0 Shields
 - Level 4.0 Spellcasting
 + Level 4.0 Conjurations
 - Level 3.0 Necromancy
 - Level 2.0 Translocations
 - Level 8.0 Earth Magic


You had 4 spell levels left.
You knew the following spells:

 Your Spells              Type           Power      Damage    Failure   Level
a - Sandblast             Erth           100%       2d20      1%          1
b - Passwall              Erth           59%        N/A       1%          3
c - Apportation           Tloc           42%        N/A       3%          1
d - Sublimation of Blood  Necr           28%        N/A       3%          2
e - Stone Arrow           Conj/Erth      98%        3d13      1%          3
f - Brom's Barrelling Bo  Conj/Erth      49%        2d7       5%          4

Your spell library contained the following spells:

 Spells                   Type           Power      Damage    Failure   Level
 Necrotise                Necr           100%       1d9       1%          1
 Sting                    Conj/Alch      84%        1d8       3%          1
 Vampiric Draining        Necr           28%        2d8       6%          3
 Slow                     Hex            28%        N/A       7%          1
 Summon Small Mammal      Summ           28%        N/A       7%          1
 Jinxbite                 Hex            14%        N/A       10%         2
 Petrify                  Alch/Erth      35%        N/A       13%         4
 Confusing Touch          Hex            7%         N/A       21%         3
 Sigil of Binding         Hex            7%         N/A       21%         3
 Manifold Assault         Tloc           21%        N/A       28%         4
 Ignite Poison            Fire/Alch      7%         N/A       54%         4
 Iskenderun's Battlesphe  Conj           35%        2d9       34%         5
 Irradiate                Conj/Alch      10%        3d15      63%         5
 Bombard                  Conj/Erth      24%        9d5       65%         6
 Alistair's Intoxication  Alch           4%         N/A       88%         5
 Starburst                Conj/Fire      10%        6d5       99%         6
 Spellforged Servitor     Conj/Summ      10%        N/A       100%        7


Dungeon Overview and Level Annotations

Branches:
Dungeon (11/15)            Temple (0/1) D:6            Lair (1/5) D:8
    Orc: D:9-12

Shops:
D:8 *=

Annotations:
D:9 1 runed translucent door, hikkokomori's ghost, novice GnWn


Innate Abilities, Weirdness & Mutations

You have an increased reservoir of magic. (+10% MP)
You shall have no god before yourself.
Your divine heritage dramatically boosts your attributes as you level up.


Message History

The torpor snail is moderately wounded.
The dream sheep ruffle their wool and motes of dream dust sparkle, to no effect.
The dream sheep headbutts you but does no damage.
The torpor snail bites you. You block the dream sheep's attack.
The dream sheep ruffle their wool and motes of dream dust sparkle, to no effect.
You take 4 damage, and have 81/99 hp.
You now have 9/20 mp.
Aiming: Sandblast (safe; 1% risk of failure)
Press: ? - help, Q - select action, (/) - cycle Shift-Dir - straight line, f/p - torpor snail
Aim: a torpor snail (moderately wounded, 100% to hit)
The blast of sand hits the torpor snail!
The torpor snail is severely wounded.
The dream sheep headbutts you!
The dream sheep headbutts you but does no damage.
The torpor snail bites you! The dream sheep misses you.
The dream sheep barely misses you. The torpor snail bites you!!
You take 37 damage, and have 44/99 hp.
MASSIVE DAMAGE!!
Aiming: Sandblast (safe; 1% risk of failure)
Press: ? - help, Q - select action, (/) - cycle Shift-Dir - straight line, f/p - torpor snail
Aim: a torpor snail (severely wounded, 100% to hit)
The blast of sand hits the torpor snail but does no damage.
The torpor snail is severely wounded.
The dream sheep ruffle their wool and motes of dream dust sparkle, to no effect.
The dream sheep headbutts you but does no damage.
The dream sheep closely misses you. The dream sheep misses you.
The torpor snail closely misses you.
You now have 8/20 mp.
Aiming: Sandblast (safe; 1% risk of failure)
Press: ? - help, Q - select action, (/) - cycle Shift-Dir - straight line, f/p - torpor snail
Aim: a torpor snail (severely wounded, 100% to hit)
The blast of sand hits the torpor snail!!
The torpor snail is almost dead.
The dream sheep closely misses you.
The dream sheep headbutts you but does no damage.
The torpor snail barely misses you.
The dream sheep ruffle their wool and motes of dream dust sparkle, to no effect.
The dream sheep shake their wool and sparkle.
You feel drowsy...
You fall asleep.
The torpor snail bites you!!!
Ouch! That really hurt!
You die...

#.# #.. #.# P ##
#.# #.##.###†#
...$....†#
.......Yw#
#...[..Y@#
.........#
#........#
#........##
#.........#####...
#.................
#........P#.###.#.
P.......<.###
.........##


You could see a torpor snail and 2 dream sheep.

Vanquished Creatures
  A two-headed ogre (D:9)
  An unseen horror (D:11)
  Jeremiah (D:6)
  2 komodo dragons
  4 trolls (D:11)
  A queen bee (D:11)
  A hornet (D:8)
  2 dream sheep (Lair:1)
  Sigmund (D:6)
  3 wraiths (D:11)
  A wyvern (D:9)
  9 yaks (D:10)
  A steam dragon (D:7)
  2 vampire mosquitoes (D:10)
  2 water moccasins
  2 orc warriors
  A sky beast (D:6)
  A black bear (D:7)
  3 centaurs
  3 ogres
  3 kobold brigands
  A phantom (D:7)
  2 bullfrogs
  3 gnoll sergeants
  8 wights
  37 killer bees
  7 howler monkeys
  A bombardier beetle (D:7)
  2 jellies
  2 hounds
  2 orc priests
  A bullfrog zombie (D:4)
  A gnoll bouda (D:8)
  Natasha (twice) (D:3)
  12 orc wizards
  2 sleepcaps
  Ijyb (D:3)
  4 iguanas
  A scorpion zombie (D:4)
  16 gnolls
  6 adders
  A white imp (D:6)
  2 ufetubi (D:5)
  An adder zombie (D:4)
  2 dart slugs
  24 orcs
  6 ball pythons
  8 endoplasms
  4 giant cockroaches
  8 goblins
  6 hobgoblins
  6 jackals
  9 quokkas
  6 bats
  8 frilled lizards
  27 kobolds
  A quokka zombie (D:4)
  3 rats (D:5)
278 creatures vanquished.

Vanquished Creatures (collateral kills)
  7 boulders
7 creatures vanquished.

Vanquished Creatures (others)
  An orc wizard (D:8)
  5 boulders
6 creatures vanquished.

Grand Total: 291 creatures vanquished

Notes
Turn   | Place    | Note
-------+----------+-------------------------------------------
     0 | D:1      | jasper the Demigod Earth Elementalist began the quest for
                  | the Orb.
     0 | D:1      | Reached XP level 1. HP: 14/14 MP: 5/5
   304 | D:1      | Reached XP level 2. HP: 20/20 MP: 4/7
  1352 | D:2      | Reached XP level 3. HP: 27/27 MP: 6/8
  1385 | D:2      | Reached skill level 1 in Fighting
  1475 | D:2      | Got the Discursus on the Bonfire and Wanderlust
  2213 | D:3      | Noticed Ijyb
  2224 | D:3      | Killed Ijyb
  2225 | D:3      | Reached XP level 4. HP: 33/35 MP: 3/9
  2231 | D:3      | Learned a level 3 spell: Passwall
  2233 | D:3      | Learned a level 1 spell: Apportation
  2236 | D:3      | Learned a level 2 spell: Sublimation of Blood
  2297 | D:3      | Noticed Natasha
  2304 | D:3      | Killed Natasha
  2833 | D:3      | Reached skill level 2 in Fighting
  3185 | D:3      | Noticed Natasha
  3189 | D:3      | Killed Natasha
  3190 | D:3      | Reached XP level 5. HP: 41/41 MP: 6/10
  3304 | D:4      | Reached skill level 5 in Earth Magic
  3678 | D:4      | Reached XP level 6. HP: 50/50 MP: 8/11
  3718 | D:4      | Reached skill level 3 in Fighting
  4230 | D:5      | Entered Level 5 of the Dungeon
  4824 | D:5      | Reached XP level 7. HP: 56/58 MP: 9/13
  4828 | D:5      | Learned a level 3 spell: Stone Arrow
  5129 | D:5      | Reached skill level 4 in Fighting
  5656 | D:6      | Noticed Jeremiah
  5697 | D:6      | Killed Jeremiah
  5760 | D:6      | Reached XP level 8. HP: 60/67 MP: 7/14
  5829 | D:6      | Reached skill level 5 in Fighting
  6044 | D:6      | Noticed Sigmund
  6056 | D:6      | Killed Sigmund
  6090 | D:6      | Found a staircase to the Ecumenical Temple.
  6121 | D:6      | Reached skill level 1 in Necromancy
  6395 | D:6      | Reached skill level 6 in Fighting
  6636 | D:7      | Identified the ring "Xuytaati" {rCorr Int+6}
  6696 | D:7      | Reached XP level 9. HP: 72/78 MP: 12/17
  6705 | D:7      | Learned a level 4 spell: Brom's Barrelling Boulder
  6916 | D:7      | Reached skill level 1 in Conjurations
  7283 | D:8      | Found Tycip's Jewellery Shoppe.
  7334 | D:8      | Reached skill level 7 in Fighting
  7436 | D:8      | Found a staircase to the Lair.
  8235 | D:8      | Found Kupluewita's Changing Room.
  8827 | D:9      | Reached skill level 8 in Fighting
  8839 | D:9      | Noticed a two-headed ogre
  8850 | D:9      | Killed a two-headed ogre
  8850 | D:9      | Noticed a boulder beetle
  8851 | D:9      | Reached skill level 5 in Stealth
  8851 | D:9      | Reached XP level 10. HP: 47/88 MP: 11/19
  9077 | D:9      | Found a runed translucent door.
  9077 | D:9      | Noticed hikkokomori's ghost (novice GnWn)
  9231 | D:10     | Entered Level 10 of the Dungeon
 10167 | D:10     | Reached skill level 9 in Fighting
 10941 | D:11     | Reached skill level 1 in Shields
 11160 | D:11     | Reached XP level 11. HP: 55/97 MP: 11/20
 11871 | Lair:1   | Entered Level 1 of the Lair of Beasts
 11951 | Lair:1   | Reached skill level 10 in Fighting
 11951 | Lair:1   | Reached skill level 5 in Shields
 11961 | Lair:1   | Mangled by a torpor snail

Illustrated notes

Levels and vault maps discovered:
D:1:      sevenhm_arrival_forest_fort_large_4, layout_basic
D:2:      layout_loops_ring, minmay_bisected
D:3:      minmay_spotlight, layout_basic, uniq_ijyb, uniq_natasha
D:4:      layout_cave_pools, nicolae_yredelemnul_corpse_copse
D:5:      layout_basic, mainiacjoe_overflow_alcove_1, portal_sewer_entry_a
D:6:      layout_basic, minmay_temple_entry_overgrown, solitary_fountain,
          amcnicky_mini_corridor_feature, grunt_ministairs_3, uniq_grinder,
          uniq_sigmund, uniq_jeremiah
D:7:      layout_basic, mainiacjoe_overflow_catwalk
D:8:      layout_basic, mainiacjoe_overflow_brackets,
          nicolae_tso_carved_into_rock, lair_entry_dummy, serial_shops, shop,
          nicolae_transmutations_shop
D:9:      layout_basic, hellmonk_ghost_happy_afterlife, minmay_pinched_square
D:10:     layout_small_grid, chequers_temple_overflow_statue_of_worship,
          serial_co_window_serial, co_window_corner_a, co_window_paths_a,
          co_window_corner_a, co_window_corner_a, co_window_corner_a,
          co_window_broadway_c, co_window_corner_b, co_window_2corner,
          co_window_of_opportunity_c, co_window_unsneaky_path_d,
          co_window_corner_b, glass_columns_b, glass_columns_c, glass_columns_a
D:11:     layout_roguey [special_room_bee]
Lair:1:   layout_small_grid, chequers_serial_rivers_micro_e

Skill      XL: |  1  2  3  4  5  6  7  8  9 10 11 |
---------------+----------------------------------+-----
Spellcasting   | 2 3 4 |  4.0
Earth Magic    | 3 4 5 6 7 8 |  8.0
Fighting       | 1 2 3 4 6 8 9 10 | 10.0
Translocations | 2 |  2.0
Necromancy     | 3 |  3.0
Conjurations   | 4 |  4.0
Stealth        | 5 7 |  7.8
Shields        | 3 5 |  5.0
Dodging        | |  1.7

Action                     |  1- 3 |  4- 6 |  7- 9 | 10-12 || total
---------------------------+-------+-------+-------+-------++-------
  Melee: Long sword        |     1 |       |       |       ||     1
         Trident           |       |       |    11 |    25 ||    36
  Throw: Stone             |     7 |     1 |       |     1 ||     9
   Cast: Sandblast         |    71 |   107 |   186 |   145 ||   509
         Brom's Barrelling |       |       |       |    20 ||    20
         Sublimation of Bl |       |       |       |     7 ||     7
  Evoke: Wand              |       |     3 |     7 |    12 ||    22
    Use: Scroll            |     6 |     6 |     4 |       ||    16
   Stab: Invisible         |       |       |       |     1 ||     1
 Armour: Robe              |     1 |       |    17 |   103 ||   121
         Leather armour    |    15 |    31 |    67 |       ||   113
  Dodge: Dodged            |    23 |    22 |   111 |   135 ||   291
  Block: Buckler           |       |       |       |    25 ||    25

Table legend: (Time is in decaauts)
 A = Elapsed time spent in this place.
 B = Non-inter-level travel time spent in this place.
 C = Inter-level travel time spent in this place.
 D = Time resting spent in this place.
 E = Time spent auto-exploring this place.
 F = Levels seen in this place.
 G = Mean time per level.
                   A        B        C        D        E       F      G
               +--------+--------+--------+--------+--------+-----+--------+
         Total |  12253 |  11807 |    446 |    575 |   9359 |  12 | 1021.1 |
       Dungeon |  12147 |  11701 |    446 |    575 |   9301 |  11 | 1104.3 |
          Lair |    105 |    105 |      0 |      0 |     58 |   1 |  105.0 |
               +--------+--------+--------+--------+--------+-----+--------+

Top non-repeatable levels by time:
    D:10: 1586 daAuts
     D:8: 1501 daAuts
     D:5: 1397 daAuts
     D:1: 1204 daAuts
     D:3: 1153 daAuts
    D:11: 1096 daAuts
     D:4: 1016 daAuts
     D:6: 992 daAuts
     D:2: 934 daAuts
     D:7: 774 daAuts
     D:9: 491 daAuts
  Lair:1: 105 daAuts
